 Dungeon Crawl Stone Soup version 0.21.1-1-g345015fe64 (webtiles) character file.

142 Oravi the Vandal (level 5, 0/36 HPs)
             Began as a Halfling Fighter on Mar 27, 2018.
             Killed by nerve-wracking pain
             ... invoked by an orc priest
              (9 damage)
             ... on level 3 of the Dungeon.
             The game lasted 00:07:47 (2148 turns).

Oravi the Vandal (Halfling Fighter)                 Turns: 2148, Time: 00:07:48

Health: 0/36       AC:  8    Str: 23    XL:     5   Next: 49%
Magic:  5/5        EV:  9    Int:  6    God:
Gold:   86         SH: 10    Dex: 14    Spells: 4/4 levels left

rFire    . . .     SeeInvis .   a - +0 rapier
rCold    . . .     Gourm    .   c - +0 shield
rNeg     . . .     Faith    .   l - +0 scale mail
rPois    .         Spirit   .   (no helmet)
rElec    .         Reflect  .   (no cloak)
rCorr    .         Harm     .   x - +0 pair of gloves
MR       .....                  (no boots)
Stlth    ..........             (no amulet)
HPRegen  0.12/turn              (no ring)
MPRegen  0.09/turn              (no ring)

@: mighty
A: small, mutation resistance 1
a: no special abilities


You were on level 3 of the Dungeon.
You were not hungry.

You visited 1 branch of the dungeon, and saw 4 of its levels.

You collected 86 gold pieces.

Inventory:

Hand Weapons
 a - a +0 rapier (weapon)
 b - a +0 hunting sling
Missiles
 i - 66 stones (quivered)
 u - 36 sling bullets
Armour
 c - a +0 shield (worn)
 l - a +0 scale mail (worn)
 x - a +0 pair of gloves (worn)
Jewellery
 m - a cursed ring of ice {unknown}
Scrolls
 e - 2 scrolls of remove curse {unknown}
 g - a scroll of random uselessness {unknown}
 o - 4 scrolls of identify {unknown}
 p - a scroll of fog {unknown}
 r - a scroll of magic mapping {unknown}
 t - a scroll of immolation {unknown}
 v - a scroll of enchant weapon {unknown}
Potions
 d - a potion of might
 h - 3 potions of curing {unknown}
 j - a potion of flight {unknown}
 k - 4 potions of agility {unknown}
 n - a potion of berserk rage {unknown}
 q - a potion of heal wounds {unknown}
 s - a potion of invisibility {unknown}
Comestibles
 f - 5 rations
 w - 2 chunks of flesh


   Skills:
 + Level 3.1 Fighting
 * Level 3.7 Short Blades
 * Level 4.0 Slings
 + Level 3.7 Armour
 + Level 3.8 Shields


You had 4 spell levels left.
You didn't know any spells.

Dungeon Overview and Level Annotations

Branches:
Dungeon (4/15)
 Temple: D:4-7

Altars:


Innate Abilities, Weirdness & Mutations

You are small and have problems with some larger weapons.
You are somewhat resistant to further mutation.


Message History

You shoot a stone. The stone barely misses the orc priest.
Firing (i - inventory. (,) - cycle):
i - 67 stones (quivered)
Press: ? - help, Shift-Dir - straight line, f/p - orc priest
Aim: an orc priest You shoot a stone.
The stone hits the orc priest.
The orc priest is lightly wounded.
a - a +0 rapier (weapon)
You barely miss the orc priest.
The orc priest is lightly wounded.
The orc priest invokes the aid of Beogh against you.
Beogh smites you!
* * * LOW HITPOINT WARNING * * *
The orc priest invokes the aid of Beogh against you.
You barely resist.
You climb upwards.
There is a stone staircase leading down here.
You feel very mighty all of a sudden.
The orc priest mumbles some strange prayers to Beogh against you.
Pain shoots through your body!
You die...

#..##.#.....#..######.##.♣♣♣
.. .....^.......##.##♣... ##
##......####...#.# ♣.♣♣
##.###.....###..# ♣.♣ #.#
#####.###.## ♣.♣ ###.####
#.....###♣.♣ ##......##
##......#♣.♣
#.....o.(####.######♣.♣♣
......†@[.#...# #♣...
..$...[.[.#.### ##.♣♣♣
...(.....[..# #'##
...........## #..#
.........?## ##.###
#......(.## #.....
#..(.....# #..... ..........
#..... ....... #....<


You could see an orc priest.

Vanquished Creatures
  A centaur skeleton (D:4)
  4 adders
  An ooze (D:2)
  A worm (D:2)
  2 dart slugs
  2 leopard geckos
  5 orcs
  6 giant cockroaches
  7 hobgoblins
  3 jackals (D:1)
  5 kobolds
  A quokka (D:2)
  6 bats
  2 frilled lizards
  4 goblins
  5 rats
55 creatures vanquished.

Notes
Turn   | Place    | Note
-------+----------+-------------------------------------------
     0 | D:1      | Oravi the Halfling Fighter began the quest for the Orb.
     0 | D:1      | Reached XP level 1. HP: 15/15 MP: 1/1
   313 | D:1      | Reached XP level 2. HP: 20/20 MP: 2/2
   459 | D:1      | Reached XP level 3. HP: 25/25 MP: 3/3
  1064 | D:2      | Reached skill level 1 in Slings
  1240 | D:2      | Reached XP level 4. HP: 23/31 MP: 4/4
  1584 | D:2      | Reached skill level 2 in Slings
  2016 | D:3      | Reached skill level 3 in Slings
  2020 | D:3      | Reached XP level 5. HP: 27/36 MP: 5/5
  2128 | D:3      | Reached skill level 4 in Slings
  2148 | D:3      | Killed from afar by an orc priest

Skill      XL: |  1  2  3  4  5 |
---------------+----------------+-----
Short Blades   | 3 |  3.7
Slings         | 1 3 4 |  4.0
Fighting       | 3 |  3.1
Armour         | |  3.7
Shields        | |  3.8

Action                   |  1- 3 |  4- 6 || total
-------------------------+-------+-------++-------
Melee: Rapier            |    75 |    56 ||   131
 Fire: Hunting sling     |    40 |    73 ||   113
  Use: Potion            |       |     1 ||     1
  Eat: Chunk             |     1 |     3 ||     4
Armor: Scale mail        |    27 |    28 ||    55
Dodge: Dodged            |    24 |    32 ||    56
Block: Shield            |    39 |    46 ||    85
